 Dungeon Crawl Stone Soup version 0.31-a0-1540-g5a0b83f448 (webtiles) character file.

Game seed: 461310094673456830

4 BigPumpCobain the Trooper (level 1, -3/20 HPs)
             Began as a Hill Orc Fighter on Jan 2, 2024.
             Succumbed to a kobold's poison
             ... on level 1 of the Dungeon.
             The game lasted 00:00:20 (95 turns).

BigPumpCobain the Trooper (Hill Orc Fighter)          Turns: 95, Time: 00:00:20

Health: -3/20      AC:  6    Str: 18    XL:     1   Next: 60%
Magic:  1/1        EV:  6    Int:  8    God:
Gold:   35         SH:  4    Dex: 10    Spells: 0/0 levels left

rFire   . . .        a - +0 flail
rCold   . . .        c - +0 buckler
rNeg    . . .        b - +0 scale mail
rPois   .            (no helmet)
rElec   .            (no cloak)
rCorr   .            (no gloves)
SInv    .            (no boots)
Will    .....        (no amulet) Stlth
                     (no ring)
HPRegen 0.23/turn    (no ring)
MPRegen 0.07/turn

%: no passive effects
@: lethally poisoned (-3 -> -32), constricted
A: no striking features
a: no special abilities


You were on level 1 of the Dungeon.
You visited 1 branch of the dungeon, and saw 1 of its levels.

You collected 35 gold pieces.

Inventory:

Hand Weapons
 a - a +0 flail (weapon)
Armour
 b - a +0 scale mail (worn)
 c - a +0 buckler (worn)
Scrolls
 e - a scroll of fog {unknown}
 f - a scroll of immolation {unknown}
Potions
 d - a potion of might


   Skills:
 + Level 3.7 Fighting
 * Level 2.3 Maces & Flails
 + Level 3.3 Armour
 + Level 3.3 Shields


You couldn't memorise any spells.
You didn't know any spells.
Your spell library was empty.

Dungeon Overview and Level Annotations

Branches:
Dungeon (1/15)

Altars:


Message History

A rat comes into view.
A kobold comes into view.
It is wielding a +2 short sword of venom.
A ball python comes into view.
The rat squeaks loudly.
You hear an angry hiss.
A frilled lizard comes into view.
The frilled lizard hisses angrily.
You sock the rat!
You kill the rat!
The rat bites you but does no damage.
You closely miss the rat. The ball python closely misses you.
The ball python barely misses you. The rat barely misses you.
The ball python bites you but does no damage.
The ball python grabs you. The ball python constricts you.
You closely miss the ball python.
The ball python bites you but does no damage.
The ball python constricts you. The rat bites you but does no damage.
The kobold hits you with a +2 short sword of venom.
You are poisoned.
The ball python barely misses you. The ball python constricts you.
The rat bites you but does no damage. The kobold hits you but does no damage.
You are lethally poisoned!
You hit the ball python.
The ball python is severely wounded.
You feel very sick. You block the ball python's attack.
The ball python constricts you. The rat bites you but does no damage.
The kobold hits you with a +2 short sword of venom.
* * * LOW HITPOINT WARNING * * *
You are more poisoned.
You are too injured to fight recklessly!
You are too injured to fight recklessly!
You are too injured to fight recklessly!
You are too injured to fight recklessly!
You are too injured to fight recklessly!
You are too injured to fight recklessly!
You are too injured to fight recklessly!
You are too injured to fight recklessly!
You closely miss the ball python.
The ball python is severely wounded.
You die...

.... .... ... ##
####..... .. .# ...#...
.###.###### .....
#+##.......... ...#
#.##.......... ...#
#.##.......... ...#
#.##..Kr...... .###
#.##..@Sl.....
.##########.###.########
..#.........###.######
#......................
###.######......#######
###.# #.......... ....#
#......#### #####
#......# ## ########


You could see a ball python, a kobold, a frilled lizard and a rat.

Vanquished Creatures
  An endoplasm (D:1)
  A kobold (D:1)
  A bat (D:1)
  A rat (D:1)
4 creatures vanquished.

Notes
Turn   | Place    | Note
-------+----------+-------------------------------------------
     0 | D:1      | BigPumpCobain the Hill Orc Fighter began the quest for the
                  | Orb.
     0 | D:1      | Reached XP level 1. HP: 19/19 MP: 1/1
    52 | D:1      | Found a faded altar of an unknown god.
    95 | D:1      | Succumbed to a kobold's poison

Illustrated notes

Levels and vault maps discovered:
D:1:      shiori_arrival_elements, layout_basic,
          shapermc_ecumenical_altar_pompeii, st_stairs_6

Action                     || total
---------------------------++-------
  Melee: Flail             ||     8
 Armour: Scale mail        ||    10
  Dodge: Dodged            ||     4
  Block: Buckler           ||     2

Table legend: (Time is in decaauts)
 A = Elapsed time spent in this place.
 B = Non-inter-level travel time spent in this place.
 C = Inter-level travel time spent in this place.
 D = Time resting spent in this place.
 E = Time spent auto-exploring this place.
 F = Levels seen in this place.
 G = Mean time per level.
                   A        B        C        D        E       F      G
               +--------+--------+--------+--------+--------+-----+--------+
         Total |     97 |     97 |      0 |      0 |     70 |   1 |   97.0 |
       Dungeon |     97 |     97 |      0 |      0 |     70 |   1 |   97.0 |
               +--------+--------+--------+--------+--------+-----+--------+

Top non-repeatable levels by time:
     D:1: 97 daAuts
